[Event "Team 45 45 League T78"]
[Site "Internet Chess Club"]
[Date "2018.10.21"]
[Round "5"]
[White "smsxman"]
[Black "chesskix"]
[Result "0-1"]
[WhiteElo "1368"]
[BlackElo "1391"]
[Opening "Scandinavian (center counter) defense"]
[ECO "B01"]
[Time "12:00:44"]
[TimeControl "2700+45"]

1. e4 d5 2. exd5 Qxd5 3. d4 Nf6 4. Nc3 Qd8 5. Nf3 Bf5 6. Be2 e6 7. Bg5 Be7 8.
Bxf6 Bxf6 9. O-O O-O 10. Re1 Nd7 11. Rb1 c6 12. a3 Nb6 13. Na2 Nd5 14. Rc1 b5
15. c3 a5 16. Ne5 Bxe5 17. dxe5 Qg5 18. Bf3 Rad8 19. Bxd5 Rxd5 20. Qf3 Rfd8 21.
Rcd1 g6 22. Rxd5 Rxd5 23. Rd1 Bg4 24. Qxg4 Qxg4 25. Rxd5 cxd5 26. g3 Qe4 {White
resigns} 0-1

[Event "Team 45 45 League T78"]
[Site "Internet Chess Club"]
[Date "2018.10.20"]
[Round "5"]
[White "OGO"]
[Black "tasawyer81"]
[Result "0-1"]
[WhiteElo "1290"]
[BlackElo "1218"]
[Opening "Pirc defense"]
[ECO "B07"]
[Time "11:01:22"]
[TimeControl "2700+45"]

1. d4 d6 2. e4 Nf6 3. Nc3 Nbd7 4. b3 e5 5. Bb2 Be7 6. Nf3 c6 7. Bc4 b5 8. Bd3 a5
9. a3 Qc7 10. Rc1 b4 11. Na4 O-O 12. O-O Bb7 13. Qe2 Rfe8 14. c3 bxa3 15. Bxa3
d5 16. Bxe7 Rxe7 17. Rfe1 Rae8 18. Qc2 dxe4 19. Bxe4 Nxe4 20. Qxe4 Nf6 21. Qd3
e4 {White resigns} 0-1

[Event "Team 45 45 League T78"]
[Site "Internet Chess Club"]
[Date "2018.10.22"]
[Round "5"]
[White "MathBandit"]
[Black "joaoazm"]
[Result "1/2-1/2"]
[WhiteElo "1543"]
[BlackElo "1556"]
[Opening "Sicilian: Taimanov variation"]
[ECO "B45"]
[Time "19:00:28"]
[TimeControl "2700+45"]

1. e4 c5 2. Nf3 e6 3. d4 cxd4 4. Nxd4 Nc6 5. Nc3 Nf6 6. Be3 Bb4 7. Bd3 O-O 8.
O-O Bxc3 9. bxc3 e5 10. Nf5 d5 11. exd5 Nxd5 12. Qd2 Nxe3 13. Qxe3 Qf6 14. Qh3
Kh8 15. g4 h6 16. Qg3 Rd8 17. h4 Bxf5 18. Bxf5 Rd2 19. Rad1 Rad8 20. Rxd2 Rxd2
21. Rb1 b6 22. Bd3 Qe6 23. Qf3 Qxa2 24. Re1 Qe6 25. Kf1 Kg8 26. Qe3 Rxd3 27.
cxd3 Qxg4 28. Qe4 Qxe4 29. Rxe4 f5 30. Rc4 Ne7 31. Rc7 Nd5 32. Rc8+ Kh7 33. c4
Nf4 34. c5 bxc5 35. Rxc5 Nxd3 36. Rd5 Nf4 37. Rxe5 Ng6 38. Rxf5 Nxh4 39. Ra5 Kg6
40. Rxa7 Kf6 41. Ra5 Ng6 42. Kg2 Nh4+ 43. Kg3 Nf5+ 44. Kf4 Nd6 45. Ra6 Ke6 46.
Kg4 g6 47. Kf4 Kd5 48. Ra7 Ke6 49. f3 Kf6 50. Ra6 Ke6 51. Kg4 Ke5 52. Ra7 Ke6
53. Ra6 Ke5 54. Rb6 Kd5 55. Kf4 Ke6 56. Rc6 Kd5 57. Ra6 Ke6 58. Ke3 Kd5 59. Kd3
Ke5 60. f4+ Kd5 61. Ra5+ Ke6 62. Kd4 Nf5+ 63. Ke4 Ng3+ 64. Kf3 Nf5 65. Ra6+ Kd5
66. Kg4 Nd6 67. Ra7 Ke6 68. Rh7 Nf5 69. Rh8 Kd5 70. Re8 Kd6 71. Kf3 Kd5 72. Re5+
Kd4 73. Ra5 Nd6 74. Kg4 Nf5 75. Rxf5 gxf5+ 76. Kxf5 Ke3 77. Ke5 h5 78. f5 h4 79.
f6 h3 80. f7 h2 81. f8=Q h1=Q 82. Qc5+ Ke2 83. Qc2+ Ke3 84. Qb3+ Kd2 85. Qd5+
Qxd5+ 86. Kxd5 {Game drawn because neither player has mating material} 1/2-1/2

[Event "Team 45 45 League T78"]
[Site "Internet Chess Club"]
[Date "2018.10.22"]
[Round "5"]
[White "bennywins"]
[Black "chuckh2"]
[Result "1-0"]
[WhiteElo "1577"]
[BlackElo "1332"]
[Opening "French: advance variation"]
[ECO "C02"]
[Time "18:31:35"]
[TimeControl "2700+45"]

1. e4 e6 2. d4 d5 3. e5 c5 4. c3 Qb6 5. Be3 Nc6 6. Nf3 cxd4 7. Nxd4 Nxe5 8. Bb5+
Bd7 9. Qa4 Bxb5 10. Nxb5 Qc6 11. Nc7+ Kd8 12. Qxc6 bxc6 13. Nxa8 Kc8 14. Bxa7
Kb7 15. Bd4 Nd3+ 16. Kd2 Nxb2 17. Nb6 c5 18. Nd7 cxd4 19. Nxf8 dxc3+ 20. Nxc3
Nc4+ 21. Ke2 Kc7 22. Rac1 Nf6 23. Nxh7 Rxh7 24. Nb1 Kd6 25. Rhd1 Nb6 26. h3 Rh8
27. Nc3 Kd7 28. Nb5 Rc8 29. Rxc8 Kxc8 30. Nd6+ Kb8 31. Nxf7 Nc4 32. Ng5 e5 33.
Rxd5 Nxd5 34. Kd3 Ncb6 35. Ke4 Nb4 36. a3 Nc6 37. Ne6 g6 38. Nf8 Nc4 39. Nxg6
Nd2+ 40. Kf5 e4 41. h4 Nd4+ 42. Ke5 Ne2 43. h5 Ng3 44. fxg3 e3 45. Nf4 Nc4+ 46.
Kd4 Nd6 47. Kxe3 Nf5+ 48. Kf3 Nh6 49. g4 Nf7 50. Ne6 Nh8 51. g5 Kc8 52. g6
{Black resigns} 1-0

[Event "Team 45 45 League T78"]
[Site "Internet Chess Club"]
[Date "2018.10.19"]
[Round "5"]
[White "BrerRabbit"]
[Black "guyd52"]
[Result "1-0"]
[WhiteElo "1351"]
[BlackElo "1229"]
[Opening "Pirc: classical system, 5.Be2"]
[ECO "A40"]
[Time "19:04:05"]
[TimeControl "2700+45"]

1. d4 g6 2. e4 d6 3. Nf3 Bg7 4. Be2 Nf6 5. Nc3 O-O 6. Be3 Nbd7 7. Qd2 c6 8. Bh6
e5 9. Bxg7 Kxg7 10. dxe5 dxe5 11. O-O-O b5 12. b4 Qc7 13. Qd6 Qxd6 14. Rxd6 Bb7
15. Rhd1 Rad8 16. Nxe5 Ne8 17. Rxd7 Rb8 18. Nd3 Nf6 19. Rd6 a6 20. Nc5 {Black
resigns} 1-0

[Event "Team 45 45 League T78"]
[Site "Internet Chess Club"]
[Date "2018.10.22"]
[Round "5"]
[White "Conjurer"]
[Black "Ostap-Bender"]
[Result "1-0"]
[WhiteElo "1294"]
[BlackElo "1313"]
[Opening "Queen's pawn, Mason variation"]
[ECO "D00"]
[Time "13:10:13"]
[TimeControl "2700+45"]

1. d4 d5 2. Bf4 Nf6 3. e3 c5 4. c3 Nc6 5. Nf3 Qb6 6. Qb3 c4 7. Qxb6 axb6 8. a3
b5 9. Nbd2 b4 10. a4 bxc3 11. bxc3 b5 12. Be2 bxa4 13. O-O Bf5 14. Nh4 Bc2 15.
Ra2 Bb3 16. Nxb3 cxb3 17. Rb2 e6 18. Bb5 Kd7 19. Ra1 Bd6 20. Rxa4 Rxa4 21. Bxa4
Ra8 22. Bxc6+ Kxc6 23. g3 Rb8 24. Nf3 Ba3 25. Ne5+ Kc7 26. Nc4+ {Black resigns}
1-0

[Event "Team 45 45 League T78"]
[Site "Internet Chess Club"]
[Date "2018.10.20"]
[Round "5"]
[White "seattleblues"]
[Black "mongmong"]
[Result "1/2-1/2"]
[WhiteElo "1346"]
[BlackElo "1437"]
[Opening "Grob's attack"]
[ECO "A00"]
[Time "21:03:24"]
[TimeControl "2700+45"]

1. g4 e6 2. Bg2 d5 3. d4 b6 4. Nf3 Bb7 5. O-O Ne7 6. Nc3 Ng6 7. Bg5 Be7 8. Bxe7
Qxe7 9. Re1 O-O 10. e4 c6 11. e5 Nd7 12. Qd2 a6 13. Rad1 c5 14. a3 Rac8 15. Na2
Rc7 16. c3 Rfc8 17. Nc1 Nb8 18. dxc5 Qxc5 19. Qd4 Qxd4 20. cxd4 Rc2 21. Rd2 Rxd2
22. Nxd2 Rc2 23. Nf3 Nf4 24. b4 Bc6 25. Bf1 b5 26. Nd3 Nxd3 27. Bxd3 Rc3 28. Re3
Rxa3 29. Bxh7+ Kxh7 30. Rxa3 Kg6 31. h4 f6 32. exf6 Kxf6 33. Ne5 {Game drawn by
mutual agreement} 1/2-1/2

[Event "Team 45 45 League T78"]
[Site "Internet Chess Club"]
[Date "2018.10.21"]
[Round "5"]
[White "PsyMar"]
[Black "CMAlge"]
[Result "1-0"]
[WhiteElo "1275"]
[BlackElo "1249"]
[Opening "Scotch: Schmidt variation"]
[ECO "C45"]
[Time "13:00:46"]
[TimeControl "2700+45"]

1. e4 e5 2. Nf3 Nc6 3. d4 exd4 4. Nxd4 Nf6 5. Nxc6 bxc6 6. Bd3 Be7 7. O-O O-O 8.
c4 d5 9. e5 Nd7 10. Re1 Nc5 11. Bc2 Re8 12. Qf3 Bg5 13. Nc3 f6 14. cxd5 cxd5 15.
Bxg5 fxg5 16. b4 Rf8 17. Qxd5+ Qxd5 18. Nxd5 Bb7 19. Nxc7 Rac8 20. bxc5 Rxc7 21.
Bb3+ Kh8 22. Rac1 Bc6 23. e6 Re8 24. Re5 a5 25. Rd1 a4 26. Bc4 Rb7 27. e7 Rbxe7
28. Rxe7 Rxe7 29. Rd8+ Be8 30. Kf1 g6 31. Bb5 Rb7 32. Rxe8+ Kg7 33. Bxa4 Kf7 34.
Rd8 Ra7 35. Bb3+ Ke7 36. Rh8 Kf6 37. Re8 Rc7 38. c6 Rxc6 39. Re6+ Rxe6 40. Bxe6
Kxe6 41. a4 Kd5 42. Ke2 Kc5 43. Ke3 Kb4 44. Ke4 Kxa4 45. Ke5 Kb4 46. Kf6 Kc4 47.
Kxg5 Kd3 48. h4 Ke2 49. f4 Kf2 50. g4 Kg3 51. f5 {Black resigns} 1-0

[Event "Team 45 45 League T78"]
[Site "Internet Chess Club"]
[Date "2018.10.21"]
[Round "5"]
[White "grekor"]
[Black "Just-Jim"]
[Result "1-0"]
[WhiteElo "1178"]
[BlackElo "1270"]
[Opening "Lengfellner system"]
[ECO "B07"]
[Time "12:00:48"]
[TimeControl "2700+45"]

1. e4 d6 2. d4 e6 3. Nf3 Be7 4. Nc3 h6 5. Bc4 Nf6 6. O-O O-O 7. Re1 Nc6 8. d5
exd5 9. exd5 Na5 10. Bf1 a6 11. Nd4 c6 12. Qf3 Bg4 13. Qg3 Qd7 14. b4 c5 15. Ne4
cxd4 16. bxa5 Nxd5 17. f3 Nc3 18. Nxc3 dxc3 19. Qxg4 Qxg4 20. fxg4 Bf6 21. Ba3
Bd4+ 22. Kh1 Be5 23. Rxe5 dxe5 24. Bxf8 Rxf8 25. Bd3 Re8 26. Re1 f6 27. Be4 Rb8
28. Rb1 Rd8 29. Bxb7 Rd7 30. Bxa6 Ra7 31. Rb6 Kf7 32. h4 Ke7 33. Rb7+ Rxb7 34.
Bxb7 Kd6 35. a6 Kc7 36. Bf3 Kb6 37. Bb7 g6 38. a4 f5 39. gxf5 gxf5 40. a5+ Ka7
41. Kg1 e4 42. Kf2 f4 43. g3 e3+ 44. Kf3 fxg3 45. Kxg3 e2 46. Kf2 e1=Q+ 47. Kxe1
h5 48. Ke2 Kb8 49. Kd3 Ka7 50. Kxc3 Kb8 51. Kb4 Ka7 52. Kc5 Kb8 53. Kb5 Ka7 54.
c4 Kb8 55. c5 Ka7 56. c6 Kb8 57. Kc5 Ka7 58. Kd6 Kb8 59. Bc8 Ka7 60. c7 Ka8 61.
Bg4 Ka7 62. Kd7 hxg4 63. c8=Q g3 64. h5 g2 65. h6 g1=Q 66. Qb7# {Black
checkmated} 1-0

[Event "Team 45 45 League T78"]
[Site "Internet Chess Club"]
[Date "2018.10.20"]
[Round "5"]
[White "WzeroMN"]
[Black "pandaknight"]
[Result "1-0"]
[WhiteElo "1019"]
[BlackElo "923"]
[Opening "Caro-Kann: advance variation"]
[ECO "B12"]
[Time "12:07:59"]
[TimeControl "2700+45"]

1. e4 c6 2. d4 d5 3. e5 e6 4. Nf3 Nd7 5. Be2 c5 6. c3 b6 7. O-O Be7 8. h3 Nh6 9.
Bxh6 gxh6 10. Re1 f6 11. Bb5 Rg8 12. Qd3 Kf8 13. Qxh7 fxe5 14. Qxh6+ Rg7 15.
Qxe6 a6 16. Bc6 Ra7 17. Qf5+ Nf6 18. Qc2 Rc7 19. Ba4 b5 20. dxe5 Bxh3 21. exf6
Bxf6 22. g3 Bg5 23. Qf5+ Bxf5 24. Re5 Bf4 25. Rxf5+ Rcf7 26. Bc2 Bxg3 27. Rxf7+
Kxf7 28. fxg3 Rxg3+ 29. Kf2 Rh3 30. Bf5 Qf6 31. Bxh3 Qh6 32. Bg2 Qb6 33. Nbd2
c4+ 34. Nd4 Qf6+ 35. Kg1 b4 36. Rf1 {Black resigns} 1-0

[Event "Team 45 45 League T78"]
[Site "Internet Chess Club"]
[Date "2018.10.18"]
[Round "5"]
[White "Balderdash"]
[Black "bennywins"]
[Result "0-1"]
[WhiteElo "1213"]
[BlackElo "1531"]
[Opening "Scotch: Schmidt variation"]
[ECO "C45"]
[Time "12:32:03"]
[TimeControl "2700+45"]

1. e4 e5 2. Nf3 Nc6 3. d4 exd4 4. Nxd4 Nf6 5. Nc3 Bb4 6. Bc4 Nxe4 7. Qf3 Nf6 8.
O-O Nxd4 9. Qd3 Bxc3 10. bxc3 Ne6 11. Bg5 Nxg5 12. Rfe1+ Ne6 13. Rad1 O-O 14.
Qe2 d6 15. Bd3 Nf4 16. Qf3 Nxd3 17. Rxd3 Re8 18. Red1 Bg4 19. Qg3 Bxd1 20. Rxd1
Qe7 21. Kf1 Qe2+ {White resigns} 0-1

[Event "Team 45 45 League T78"]
[Site "Internet Chess Club"]
[Date "2018.10.22"]
[Round "5"]
[White "rkjulianjr"]
[Black "Andaluz"]
[Result "1-0"]
[WhiteElo "1332"]
[BlackElo "1259"]
[Opening "Queen's pawn game"]
[ECO "A50"]
[Time "13:00:31"]
[TimeControl "2700+45"]

1. d4 Nf6 2. c4 c6 3. Nc3 d5 4. cxd5 cxd5 5. Bf4 e6 6. e3 a6 7. Bd3 Bd6 8. Bxd6
Qxd6 9. Nge2 Nc6 10. a3 b5 11. b4 Bd7 12. Rc1 Rc8 13. f4 Ne7 14. Ng3 g6 15. O-O
O-O 16. e4 dxe4 17. Bxe4 Bc6 18. Bf3 Bxf3 19. Rxf3 Nc6 20. Nge4 Nxe4 21. Nxe4
Qxd4+ 22. Qxd4 Nxd4 23. Rxc8 Rxc8 24. Rd3 Ne2+ 25. Kf2 Nxf4 26. Rd6 Ra8 27. g3
Nd5 28. Nc5 Nc7 29. Rc6 Ra7 30. Kf3 Kf8 31. Nd7+ Ke7 32. Nc5 Kf6 33. Ke4 Ke7 34.
Ke5 f6+ 35. Ke4 e5 36. h3 h6 37. g4 g5 38. Kf5 Ke8 39. Rxf6 Nd5 40. Re6+ Ne7+
41. Kxe5 Kf7 42. Rf6+ Kg8 43. Rxh6 {Black forfeits on time} 1-0

[Event "Team 45 45 League T78"]
[Site "Internet Chess Club"]
[Date "2018.10.18"]
[Round "5"]
[White "SeniorCitizen"]
[Black "Toalla"]
[Result "1/2-1/2"]
[WhiteElo "1234"]
[BlackElo "1209"]
[Opening "Caro-Kann: advance variation"]
[ECO "B12"]
[Time "15:05:32"]
[TimeControl "2700+45"]

1. e4 c6 2. d4 d5 3. e5 c5 4. c3 Nc6 5. Bb5 Bf5 6. Nf3 e6 7. O-O Ne7 8. Be3 a6
9. Be2 h6 10. Nbd2 cxd4 11. cxd4 Ng6 12. a3 Rc8 13. Rc1 Be7 14. Kh1 O-O 15. Rg1
Nh4 16. Nxh4 Bxh4 17. Nf3 Be7 18. Qd2 Kh7 19. Bd3 f6 20. Bxf5+ exf5 21. e6 g5
22. Qd3 Rg8 23. g4 Kh8 24. gxf5 Bd6 25. Rg2 Ne7 26. Nh4 gxh4 27. Rxg8+ Qxg8 28.
Rg1 Qh7 29. Qd2 Nxf5 30. Bf4 Bxf4 31. Qxf4 Rg8 32. Rxg8+ Kxg8 33. Qb8+ Kg7 34.
Qxb7+ Kg6 35. Qxd5 Ne7 36. Qg2+ Kh5 37. Qf3+ Kg5 38. Qe3+ Kh5 39. Qf3+ Kg5 40.
Qe3+ Kh5 41. Qf3+ Kg5 42. Qg2+ Kh5 43. Qf3+ Kg5 44. Qe3+ Kh5 45. Qe2+ Kg5 46.
Qd2+ Kh5 47. Qe2+ Kg5 48. Qe3+ {Game drawn by repetition} 1/2-1/2

[Event "Team 45 45 League T78"]
[Site "Internet Chess Club"]
[Date "2018.10.19"]
[Round "5"]
[White "vedv"]
[Black "oldbookseller"]
[Result "1-0"]
[WhiteElo "1080"]
[BlackElo "1101"]
[Opening "Robatsch (modern) defense"]
[ECO "B06"]
[Time "15:00:14"]
[TimeControl "2700+45"]

1. e4 g6 2. d4 Bg7 3. Nf3 Nf6 4. e5 Nd5 5. c4 c6 6. cxd5 cxd5 7. Nc3 e6 8. Bg5
Qa5 9. Be2 O-O 10. O-O Qa6 11. Bxa6 bxa6 12. Bf6 Bh6 13. Ng5 Nc6 14. Qg4 a5 15.
Qh4 Ba6 16. Qxh6 {Black resigns} 1-0